 Dungeon Crawl Stone Soup version 0.29.1-15-g9cfb28693d (webtiles) character file.

Game seed: 3148572193486398577

1197 Jase the Shield-Bearer (level 8, 0/63 HPs)
             Began as a Formicid Fighter on Apr 20, 2023.
             Was a Priest of Makhleb.
             Engulfed by a steam dragon's steam (6 damage)
             ... on level 6 of the Dungeon.
             The game lasted 00:12:02 (5019 turns).

Jase the Shield-Bearer (Formicid Fighter)           Turns: 5019, Time: 00:12:02

Health: 0/63       AC: 12    Str: 23    XL:     8   Next: 72%
Magic:  10/11      EV:  6    Int:  8    God:    Makhleb [***...]
Gold:   363        SH:  5    Dex: 13    Spells: 7/7 levels left

rFire   . . .      SeeInvis +   a - +0 flail
rCold   . . .      Faith    .   c - +0 buckler
rNeg    . . .      Spirit   .   e - +0 plate armour
rPois   .          Reflect  .   (helmet unavailable)
rElec   .          Harm     .   (no cloak)
rCorr   .          Rampage  .   (no gloves)
Will    .....                   (no boots)
Stlth   ..........              t - amulet of the acrobat
HPRegen 0.20/turn               (no ring)
MPRegen 0.12/turn               (no ring)

@: mighty
A: permanent stasis, dig shafts and tunnels, antennae 3, four strong arms
a: Dig, Shaft Self, Renounce Religion, Minor Destruction, Lesser Servant of
Makhleb


You were on level 6 of the Dungeon.
You worshipped Makhleb.
Makhleb was most pleased with you.
You visited 1 branch of the dungeon, and saw 6 of its levels.
You also visited: Sewer.

You collected 363 gold pieces.

Inventory:

Hand Weapons
 a - a +0 flail (weapon)
Missiles
 m - 36 stones
 p - 5 silver javelins
 q - 5 poisoned darts
 w - a silver boomerang
 z - a throwing net
Armour
 c - a +0 buckler (worn)
 e - a +0 plate armour (worn)
Jewellery
 t - an amulet of the acrobat (around neck)
Wands
 s - a wand of mindburst (13)
Scrolls
 b - 2 scrolls of torment {unknown}
 g - 2 scrolls of enchant weapon {unknown}
 h - a scroll of amnesia {unknown}
 k - a scroll of fear {unknown}
 n - a scroll of magic mapping {unknown}
 o - a scroll of enchant armour {unknown}
 u - a scroll of immolation {unknown}
 y - a scroll of noise {unknown}
Potions
 d - a potion of might
 f - a potion of attraction
 i - a potion of brilliance
 j - 3 potions of lignification
 l - a potion of mutation
 v - a potion of curing {unknown}
 x - 4 potions of flight


   Skills:
 + Level 5.5 Fighting
 * Level 6.0 Maces & Flails
 + Level 5.4 Armour
 + Level 6.6 Shields
 + Level 4.2 Invocations


You had 7 spell levels left.
You didn't know any spells.
Your spell library contained the following spells:

 Spells                   Type           Power      Damage    Failure   Level
 Beastly Appendage        Tmut           0%         N/A       100%        1
 Necrotise                Necr           0%         1d4       100%        1
 Ensorcelled Hibernation  Hex/Ice        0%         N/A       100%        2
 Passwall                 Tmut/Erth      0%         N/A       100%        2
 Wereblood                Tmut           0%         N/A       100%        2
 Spider Form              Tmut/Pois      0%         N/A       100%        3
 Stone Arrow              Conj/Erth      0%         3d7       100%        3
 Summon Guardian Golem    Hex/Summ       0%         N/A       100%        3
 Vampiric Draining        Necr           0%         2d6       100%        3
 Animate Armour           Summ/Erth      0%         N/A       100%        4
 Agony                    Necr           0%         N/A       100%        5
 Orb of Destruction       Conj           0%         9d5       100%        7
 Spellforged Servitor     Conj/Summ      0%         N/A       100%        7
 Lehudib's Crystal Spear  Conj/Erth      0%         10d2      100%        8
 Swiftness                Air            Unusable   N/A       N/A         3

Dungeon Overview and Level Annotations

Branches:
Dungeon (6/15)             Temple (0/1) D:5           Sewer (visited)

Altars:
Makhleb
Ru
Xom
The Shining One

Annotations:
D:5 4 exclusions


Innate Abilities, Weirdness & Mutations

You cannot be hasted, slowed, berserked, paralysed or teleported.
You can dig through walls and to a lower floor.
You have a pair of large antennae on your head. (SInv)
Your four strong arms can wield two-handed weapons with a shield.


Message History

You closely miss the scorpion.
The scorpion stings you but does no damage.
Sigmund barely misses you. The scorpion barely misses you.
Unknown command.
You barely miss the scorpion. The scorpion stings you.
Sigmund hits you from afar with a +1 vampiric scythe.
You sock the scorpion!
The scorpion is moderately wounded.
The scorpion barely misses you. Sigmund hits you but does no damage.
The scorpion stings you but does no damage.
You sock the scorpion!
The scorpion is almost dead.
You hear a distant slurping noise.
The scorpion stings you.
You hit the scorpion.
You kill the scorpion!
Makhleb accepts your kill.
Sigmund hits you from afar with a +1 vampiric scythe!
* * * LOW HITPOINT WARNING * * *
Your Invocations skill increases to level 4!
You block Sigmund's attack.
You see here a scorpion corpse.
You barely miss Sigmund. Sigmund barely misses you.
You sock Sigmund!
Sigmund is heavily wounded.
You sock Sigmund!
Sigmund is almost dead.
Sigmund hits you but does no damage.
You sock Sigmund!
You kill Sigmund!
Makhleb accepts your kill.
Your Maces & Flails skill increases to level 6!
You closely miss the steam dragon. The steam dragon breathes steam at you.
The ball of steam hits you!
* * * LOW HITPOINT WARNING * * *
You sock the steam dragon!
The steam dragon is moderately wounded.
You are engulfed in a cloud of scalding steam.
You die...

{ .#. ~ .#. ~.### ..
≈....#### .#
#~....#.##.#
#≈.D.......#..
#.#..#.#...
##D.....>..
#@###.#### #§# #.#
#§# #.#
###.###.###.#########
....................#
............#######.#
.##.###.##### #.# #
#.# #.# #.# #.#


You could see a steam dragon (catching breath).

Vanquished Creatures
  Sigmund (D:6)
  A steam dragon (D:6)
  A water moccasin (Sewer)
  5 scorpions
  A howler monkey (D:5)
  2 hounds (D:5)
  A jelly (D:4)
  Jessica (D:2)
  Terence (D:2)
  3 iguanas (D:5)
  2 orc wizards
  3 gnolls (D:4)
  5 adders (D:2)
  2 river rats (D:5)
  An ufetubus (D:4)
  2 dart slugs
  14 orcs
  6 endoplasms
  5 giant cockroaches
  8 goblins
  6 hobgoblins
  A jackal (Sewer)
  3 quokkas
  8 ball pythons
  5 bats
  2 frilled lizards
  3 kobolds
  8 rats
101 creatures vanquished.

Notes
Turn   | Place    | Note
-------+----------+-------------------------------------------
     0 | D:1      | Jase the Formicid Fighter began the quest for the Orb.
     0 | D:1      | Reached XP level 1. HP: 18/18 MP: 1/1
   219 | D:1      | Reached XP level 2. HP: 24/24 MP: 2/2
   460 | D:1      | Found a faded altar of an unknown god.
   499 | D:1      | Reached XP level 3. HP: 27/29 MP: 3/3
   525 | D:1      | Prayed at the altar of an unknown god.
   525 | D:1      | Became a worshipper of Makhleb the Destroyer
   525 | D:1      | Reached * piety under Makhleb
   864 | D:2      | Noticed Jessica
   875 | D:2      | Killed Jessica
   876 | D:2      | Reached XP level 4. HP: 37/37 MP: 4/4
  1073 | D:2      | Reached skill level 1 in Invocations
  1253 | D:2      | Reached ** piety under Makhleb
  1296 | D:2      | Noticed Terence
  1311 | D:2      | Killed Terence
  1312 | D:2      | Reached XP level 5. HP: 35/42 MP: 5/5
  2781 | D:4      | Reached skill level 5 in Shields
  2781 | D:4      | Reached XP level 6. HP: 42/48 MP: 7/7
  3195 | D:4      | Reached XP level 7. HP: 43/55 MP: 8/8
  3630 | D:4      | You fall into a shaft and drop 1 floor!
  3630 | D:5      | Entered Level 5 of the Dungeon
  3660 | D:5      | Found a glowing golden altar of the Shining One.
  3759 | D:5      | Found a glowing drain.
  3777 | Sewer    | Entered a sewer
  3836 | Sewer    | Noticed a water moccasin
  3847 | Sewer    | Killed a water moccasin
  3974 | D:5      | Reached skill level 5 in Maces & Flails
  3976 | D:5      | Reached *** piety under Makhleb
  4069 | D:5      | Reached skill level 5 in Fighting
  4145 | D:5      | Found a staircase to the Ecumenical Temple.
  4155 | D:5      | Reached XP level 8. HP: 58/62 MP: 10/10
  4250 | D:5      | Reached skill level 5 in Armour
  4265 | D:5      | Identified the +2 hand axe "Uxzog" {vorpal, Contam rPois
                  | Will+ MP+9 Int+2}
  4464 | D:5      | Found a shimmering altar of Xom.
  4873 | D:5      | Found a sacrificial altar of Ru.
  5002 | D:6      | Noticed Sigmund
  5017 | D:6      | Killed Sigmund
  5019 | D:6      | Engulfed by a steam dragon's steam

Illustrated notes

Levels and vault maps discovered:
D:1:      saegor_arrival_miasma, layout_basic,
          hellmonk_ecumenical_altar_inner_sanctum, dreamdust_wishing_well
D:2:      layout_basic, uniq_jessica, uniq_terence
D:3:      layout_basic, minmay_misc_feat_tower
D:4:      layout_rooms, minivault_24
D:5:      layout_loops_ring, mainiacjoe_overflow_surrounded_room,
          mainiacjoe_overflow_two_lobes, minmay_temple_entry_overgrown,
          portal_sewer_entry_e, nicolae_kite_square_tiling_tiny
D:6:      cheibrodos_steamvent, layout_basic, marbit_many_paths, uniq_sigmund,
          uniq_menkaure

Skill      XL: |  1  2  3  4  5  6  7  8 |
---------------+-------------------------+-----
Invocations    | 1 2 3 4 |  4.2
Maces & Flails | 3 4 5 6 |  6.0
Fighting       | 4 5 |  5.5
Armour         | 4 5 |  5.4
Shields        | 5 6 |  6.6

Action                   |  1- 3 |  4- 6 |  7- 9 || total
-------------------------+-------+-------+-------++-------
Melee: Flail             |    62 |   148 |   135 ||   345
Invok: Minor Destruction |       |       |     5 ||     5
  Use: Scroll            |       |       |     8 ||     8
       Potion            |       |       |     2 ||     2
Armor: Scale mail        |    29 |    34 |       ||    63
       Chain mail        |       |    48 |    35 ||    83
       Plate armour      |       |       |    19 ||    19
Dodge: Dodged            |    24 |    57 |    59 ||   140
Block: Buckler           |    18 |    37 |    39 ||    94
